Map: Catallena LE (Void)

Players

Winthrowe

  • Race: Terran Terran
  • League: Silver
  • Spawn Location: 5:00

sirslackalot - Winner!

  • Race: Protoss Protoss
  • League: Gold
  • Spawn Location: 12:00

VOD

Have the link to the VOD?

Description

Time

  • Played on: Aug. 31, 2017, 8:29 p.m.
  • Length: 13:38
Show
View Real Time Build Order
Export as new Build Order

Winthrowe Terran 

Build Orders: MMM Bio 

Get SALT Encoding   

  12  0:01  SCV  
  13  0:13  SCV  
  14  0:29  SCV  
  14  0:31  Supply Depot  
  15  0:53  SCV  
  15  0:56  Barracks  
  16  1:05  SCV  
  17  1:17  SCV  
  18  1:22  Command Center  
  18  1:29  SCV  
  19  1:41  SCV  
  19  1:44  Marine  
  21  1:48  Supply Depot  
  21  1:54  SCV  
  22  2:07  Barracks  
  22  2:10  SCV  
  23  2:22  SCV  
  24  2:32  Marine  
  24  2:34  SCV  
  26  2:39  Barracks  
  26  2:49  Engineering Bay  
  26  3:03  Refinery  
  26  3:04  Marine x2  
  28  3:15  SCV  
  28  3:18  SCV  
  30  3:22  Marine x2  
  32  3:27  SCV  
  32  3:30  SCV  
  32  3:31  Marine  
  35  3:40  Marine x2  
  37  3:49  Marine  
  38  4:10  Orbital Command  
  38  4:14  Refinery  
  38  4:17  Orbital Command  
  38  4:19  Marine  
  38  4:20  Marine x2  
  41  4:25  Supply Depot  
  41  4:35  Engineering Bay  
  41  4:37  Marine  
  41  4:38  Marine x2  
  44  4:48  Supply Depot  
  44  4:55  Marine  
  44  4:56  Marine x2, SCV x2  
  49  5:04  Supply Depot  
  49  5:08  SCV x2, Factory  
  49  5:11  Supply Depot  
  49  5:13  Marine  
  52  5:16  Barracks Tech Lab  
  52  5:17  Barracks Tech Lab  
  52  5:20  SCV  
  53  5:22  SCV  
  54  5:31  Marine  
  54  5:33  SCV  
  54  5:35  SCV  
  57  5:45  SCV  
  57  5:47  SCV  
  59  6:05  Command Center  
  59  6:08  Combat Shields  
  59  6:11  Stimpack  
  59  6:14  Barracks Reactor  
  59  6:22  Starport  
  59  6:23  Marine  
  59  6:24  Marine  
  61  6:30  SCV  
  61  6:31  SCV  
  60  6:41  Marine  
  60  6:42  Marine  
  60  6:43  SCV  
  60  6:46  SCV  
  64  6:55  SCV  
  64  6:59  Marine x2, Armory  
  67  7:15  Refinery  
  67  7:16  Marine x2  
  67  7:17  Marine x2, Refinery  
  71  7:24  Factory Reactor  
  71  7:26  Medivac  
  71  7:27  Concussive Shells  
  73  7:34  Marine x3  
  73  7:35  Marine  
  77  7:51  Marine  
  77  7:52  Marine x2  
  77  7:53  Marine  
  77  7:56  SCV x3  
  84  8:08  SCV x2  
  84  8:09  Marine, SCV, Hellion x2  
  84  8:10  Marine x2  
  84  8:11  Marine  
  84  8:12  Medivac  
  97  8:27  Marine  
  97  8:28  Marine x3  
  97  8:30  Hellion  
  97  8:31  Hellion  
  105  8:41  Terran Infantry Weapons Level 1, Terran Infantry Armor Level 1  
  105  8:42  Medivac  
  105  8:45  Marine x2  
  105  8:46  Marine x2  
  110  8:51  Hellion  
  110  8:52  Hellion  
  108  9:04  Marine x2  
  104  9:12  Medivac  
  104  9:13  Hellion x2  
  94  9:26  Marine  
  94  9:27  Marine x3  
  96  9:33  Widow Mine  
  96  9:34  Cyclone  
  99  9:42  Medivac  
  99  9:44  Marine x4  
  103  10:02  Marine x4, Cyclone  
  110  10:12  Medivac  
  109  10:19  Marine  
  109  10:20  Marine x3  
  111  10:28  Cyclone  
  109  10:35  Cyclone  
  103  10:37  Marine  
  103  10:38  Marine x3  
  103  10:42  Viking  
  101  10:55  Marine  
  101  10:56  Marine, Marauder x2  
  92  11:04  Cyclone  
  92  11:07  Cyclone  
  82  11:12  Viking  
  82  11:13  Marine x2  
  82  11:17  Marine x2  
  88  11:30  Starport  
  88  11:31  Marine x2  
  90  11:35  Marine x2  
  92  11:49  Marine x2  
  92  11:53  Marine x2  
  96  12:01  Starport Reactor  
  96  12:06  Marine  
  96  12:07  Marine  
  98  12:10  Marine x2  
  98  12:11  Starport Tech Lab  
  92  12:24  Marine  
  92  12:25  Marine  
  92  12:28  Marine x2, Widow Mine  
  92  12:29  Cyclone  
  69  12:42  Marine  
  69  12:43  Marine  
  67  12:46  Marine x2  
  69  12:57  Cyclone  
  78  13:00  Marine  
  78  13:01  Marine  
  78  13:02  Cyclone  
  78  13:04  Marine x2  
  85  13:07  Supply Depot  
  85  13:13  Barracks  
  85  13:18  Marine  
  85  13:19  Marine  
  76  13:29  Supply Depot  
Show
View Real Time Build Order
Export as new Build Order

sirslackalot Protoss - Winner!

Build Orders:  

Get SALT Encoding   

  12  0:03  Probe (Chrono Boost)  
  13  0:15  Probe (Chrono Boost)  
  14  0:26  Probe (Chrono Boost)  
  15  0:40  Pylon  
  15  0:47  Assimilator  
  15  0:59  Probe (Chrono Boost)  
  16  1:09  Probe (Chrono Boost)  
  16  1:10  Nexus  
  17  1:25  Forge  
  17  1:34  Probe (Chrono Boost)  
  18  1:46  Probe (Chrono Boost)  
  19  1:56  Gateway  
  19  2:02  Photon Cannon  
  19  2:12  Photon Cannon  
  19  2:18  Probe (Chrono Boost)  
  19  2:19  Pylon  
  19  2:21  Assimilator  
  20  2:27  Probe (Chrono Boost)  
  21  2:37  Probe (Chrono Boost)  
  22  2:38  Probe (Chrono Boost)  
  23  2:48  Probe (Chrono Boost)  
  24  2:51  Photon Cannon  
  24  2:58  Photon Cannon  
  24  3:01  Probe x2 (Chrono Boost)  
  26  3:15  Cybernetics Core  
  26  3:20  Pylon, Probe (Chrono Boost)  
  26  3:22  Probe (Chrono Boost)  
  28  3:39  Probe (Chrono Boost)  
  28  3:40  Probe (Chrono Boost)  
  30  3:56  Stargate  
  30  4:13  Stargate  
  30  4:26  Pylon  
  30  4:36  Stargate  
  30  4:37  Protoss Air Weapons Level 1  
  30  4:41  Void Ray  
  34  4:47  Probe x2 (Chrono Boost)  
  34  4:52  Assimilator  
  36  4:54  Assimilator  
  36  4:57  Photon Cannon  
  36  5:02  Probe x2 (Chrono Boost)  
  36  5:04  Photon Cannon  
  38  5:20  Fleet Beacon  
  38  5:27  Void Ray  
  42  5:45  Void Ray  
  46  5:53  Void Ray  
  50  5:58  Probe x2 (Chrono Boost)  
  50  6:02  Nexus  
  52  6:22  Pylon  
  52  6:26  Probe x2 (Chrono Boost)  
  52  6:27  Pylon  
  52  6:29  Carrier  
  60  6:37  Probe x2 (Chrono Boost)  
  62  6:45  Assimilator  
  62  6:52  Photon Cannon  
  62  6:55  Photon Cannon  
  62  7:00  Carrier (Chrono Boost)  
  68  7:06  Graviton Catapult (Chrono Boost)  
  68  7:11  Protoss Air Armor Level 1  
  68  7:15  Probe  
  68  7:16  Probe  
  68  7:22  Probe  
  70  7:26  Probe  
  72  7:32  Carrier (Chrono Boost)  
  78  7:55  Assimilator  
  84  8:11  Carrier (Chrono Boost)  
  84  8:20  Cybernetics Core  
  84  8:45  Carrier (Chrono Boost)  
  90  9:01  Carrier (Chrono Boost)  
  73  9:26  Carrier (Chrono Boost)  
  70  10:00  Carrier (Chrono Boost)  
  70  10:04  Stargate  
  71  10:27  Carrier (Chrono Boost)  
  61  10:42  Carrier (Chrono Boost)  
  61  11:11  Carrier (Chrono Boost)  
  61  11:12  Photon Cannon  
  61  11:13  Photon Cannon  
  61  11:15  Probe x2  
  61  11:16  Probe  
  61  11:17  Photon Cannon  
  70  11:27  Probe  
  70  11:28  Probe  
  72  11:41  Probe  
  72  11:42  Probe x2  
  76  11:54  Probe  
  76  12:07  Gateway  
  82  12:44  Probe  
  82  12:45  Probe x2  
  85  12:57  Probe  
  87  13:01  Nexus  
Tags
 
Composition
MMM Bio
Matchup
PvT
Spawn Locations
Cross Positions
Add a new tag
Caveats
  • Supply blocks, unpowered buildings, or Contaminate may cause inaccurate times.
  • Supply counts are checked every 10 seconds.